 Dungeon Crawl Stone Soup version 0.24.0-13-gcf9b3192b9 (webtiles) character file.

Game seed: 11478137179613984916, levelgen mode: deterministic

122 DavidChitty2 the Skirmisher (level 4, -1/35 HPs)
             Began as a Demonspawn Abyssal Knight on Nov 10, 2019.
             Was a Follower of Lugonu.
             Killed from afar by a white imp (4 damage)
             ... with a puff of frost
             ... summoned by Natasha
             ... on level 2 of the Dungeon.
             The game lasted 00:04:01 (2786 turns).

DavidChitty2 the Skirmisher (DsAK)                  Turns: 2786, Time: 00:04:02

Health: -1/35      AC:  4    Str: 13    XL:     4   Next: 78%
Magic:  6/6        EV: 12    Int: 13    God:    Lugonu [*.....]
Gold:   139        SH:  0    Dex: 13    Spells: 3/3 levels left

rFire    . . .     SeeInvis .   a - +1 hand axe
rCold    + . .     Gourm    .   (no shield)
rNeg     . . .     Faith    .   b - +0 leather armour
rPois    .         Spirit   .   (helmet restricted)
rElec    .         Reflect  .   (no cloak)
rCorr    .         Harm     .   i - +0 pair of gloves
MR       .....                  (no boots)
Stlth    +.........             (no amulet)
HPRegen  0.11/turn              (no ring)
MPRegen  0.10/turn              (no ring)

@: slowed, very slow
A: antennae 1, cold resistance 1
a: Depart the Abyss, Renounce Religion


You were on level 2 of the Dungeon.
You worshipped Lugonu.
Lugonu was aware of your devotion.
You were not hungry.

You visited 1 branch of the dungeon, and saw 2 of its levels.
You visited the Abyss 1 time.

You collected 139 gold pieces.

Inventory:

Hand Weapons
 a - a +1 hand axe (weapon)
Armour
 b - a +0 leather armour (worn)
 i - a +0 pair of gloves (worn)
   (You found it on level 2 of the Dungeon)
Scrolls
 c - a scroll of noise {unknown}
 f - 2 scrolls of identify {@r1}
 h - a scroll of enchant armour {unknown}
Potions
 d - a potion of cancellation
 g - a potion of berserk rage {unknown}
Comestibles
 e - 3 rations {!d}
 j - a chunk of flesh


   Skills:
 + Level 3.4 Fighting
 * Level 3.0 Axes
 + Level 2.4 Armour
 + Level 1.8 Dodging
 + Level 3.4 Invocations


You had 3 spell levels left.
You didn't know any spells.
Your spell library was empty.

Dungeon Overview and Level Annotations

Branches:
Dungeon (2/15)

Altars:
Ashenzari

Annotations:
D:2 Natasha


Innate Abilities, Weirdness & Mutations

You have a pair of small antennae on your head.
Your flesh is cold resistant. (rC+)


Message History

The puff of flame hits you!
Natasha zaps a wand.
The puff of flame hits you.
You closely miss Natasha.
The crimson imp disappears in a puff of smoke!
Natasha zaps a wand.
The puff of flame hits you. The shadow imp hits you.
* * * LOW HITPOINT WARNING * * *
You closely miss Natasha.
You hit the shadow imp but do no damage.
Natasha barely misses you. The shadow imp barely misses you.
Natasha barely misses you. The shadow imp hits you.
* * * LOW HITPOINT WARNING * * *
You miss Natasha. You hit the shadow imp.
Natasha zaps a wand.
The puff of flame misses you. The shadow imp barely misses you.
Natasha casts a spell.
You hit Natasha.
You hit the shadow imp but do no damage.
The shadow imp barely misses you. Natasha claws you.
* * * LOW HITPOINT WARNING * * *
The shadow imp closely misses you.
You barely miss Natasha. You closely miss the shadow imp.
Natasha completely misses you. The shadow imp closely misses you.
Natasha closely misses you.
The shadow imp shouts, "Away with thee, thou lumpish ill-nurtured gnoll-tail!"
The shadow imp closely misses you.
Unknown command.
You hit Natasha. You hit the shadow imp.
The shadow imp disappears in a puff of smoke!
Natasha zaps a wand.
The puff of flame hits you.
* * * LOW HITPOINT WARNING * * *
Natasha stares at you and mumbles some strange words.
The magic dart hits you.
* * * LOW HITPOINT WARNING * * *
You hit Natasha but do no damage. Natasha claws you but does no damage.
You hit Natasha. Natasha closely misses you.
Natasha mumbles some strange words.
You hit Natasha. Natasha claws you.
* * * LOW HITPOINT WARNING * * *
The white imp gestures at you. The puff of frost hits you. You resist.
* * * LOW HITPOINT WARNING * * *
Natasha casts a spell at you. You resist with some effort.
You barely miss Natasha. Natasha barely misses you.
The white imp gestures at you. The puff of frost hits you. You resist.
You die...

################
#.....÷........#
##....÷##.......#
####......##...8...#
..........##..8.8..#
..###.....##.8._.8.#
#.##..######..8.8..#
#.##.#######...85..#
#.##.###......5h@..#
#.##.....####.######
#.##..# #.# #.##).##
#.....# .......#
#.......# #....#..
..........# #.#.##
##.....5...# #.#.#
#........h# .>..#
#.........#


You could see Natasha, a white imp and a shadow imp.

Vanquished Creatures
  Natasha (twice) (D:2)
  4 gnolls
  2 dart slugs (D:1)
  A bat (D:1)
  2 giant cockroaches (D:1)
  2 goblins (D:1)
  A hobgoblin (D:1)
  3 jackals (D:2)
  5 kobolds (D:1)
  12 rats
34 creatures vanquished.

Notes
Turn   | Place    | Note
-------+----------+-------------------------------------------
     0 | Abyss:1  | DavidChitty2 the Demonspawn Abyssal Knight began the quest
                  | for the Orb.
     0 | Abyss:1  | Reached XP level 1. HP: 18/18 MP: 2/2
    43 | Abyss:1  | Noticed a kobold demonologist
    44 | D:1      | Escaped the Abyss
   310 | D:1      | Reached skill level 1 in Dodging
   395 | D:1      | Gained mutation: Your flesh is cold resistant. (rC+)
                  | [demonic ancestry]
   395 | D:1      | Reached XP level 2. HP: 24/24 MP: 3/3
   530 | D:1      | Reached * piety under Lugonu
   566 | D:1      | Found a shattered altar of Ashenzari.
  1218 | D:2      | Noticed Natasha
  1231 | D:2      | Killed Natasha
  1231 | D:2      | Gained mutation: You have a pair of small antennae on your
                  | head. [demonic ancestry]
  1231 | D:2      | Reached XP level 3. HP: 5/29 MP: 5/5
  1239 | D:2      | Noticed Natasha
  1490 | D:2      | Killed Natasha
  1490 | D:2      | Reached XP level 4. HP: 8/35 MP: 6/6
  2681 | D:2      | Found a faded altar of an unknown god.
  2755 | D:2      | Noticed Natasha
  2786 | D:2      | Killed from afar by a white imp

Levels and vault maps discovered:
D:1:      lightli_arrival_flooded_house, layout_basic, st_stairs_3,
          minmay_misc_feat_enclosed, ashenzari_altar_1
D:2:      layout_rooms, chequers_ecumenical_altar_simple_redux,
          minmay_tree_intersection, uniq_natasha

Skill      XL: |  1  2  3  4 |
---------------+-------------+-----
Dodging        | 1 |  1.8
Axes           | 2 3 |  3.0
Armour         | 2 |  2.4
Invocations    | 3 |  3.4
Fighting       | |  3.4

Action                   |  1- 3 |  4- 6 || total
-------------------------+-------+-------++-------
Melee: Hand axe          |    91 |    62 ||   153
Invok: Depart the Abyss  |     1 |       ||     1
  Use: Scroll            |       |     2 ||     2
  Eat: Ration            |     1 |       ||     1
       Chunk             |       |     3 ||     3
Armor: Leather armour    |    30 |    11 ||    41
Dodge: Dodged            |    72 |    49 ||   121
